 Dungeon Sprint DCSS version 0.30-a0-715-gdb4ae3ece1 (webtiles) character file.

Game seed: 5042056392242732993

962 rocky1 the Earth Mage (level 11, -7/62 HPs)
             Began as a Deep Elf Earth Elementalist on Jan 24, 2023.
             Was the Champion of Vehumet.
             Shot with a sling bullet by a faun (21 damage)
             ... in the Dungeon (Sprint VI: "Thunderdome").
             The game lasted 00:10:04 (967 turns).

rocky1 the Earth Mage (Deep Elf Earth Elementalist)  Turns: 967, Time: 00:10:04

Health: -7/62      AC:  2    Str:  5    XL:     11   Next: 58%
Magic:  12/34      EV: 16    Int: 25    God:    Vehumet [******]
Gold:   370        SH:  0    Dex: 15    Spells: 39/45 levels left

rFire   + . .      SeeInvis .    m - +0 short sword
rCold   + . .      Faith    .    (no shield)
rNeg    . . .      Spirit   .    a - +0 robe
rPois   +          Reflect  .    (no helmet)
rElec   .          Harm     .    (no cloak)
rCorr   +          Rampage  .    (no gloves)
Will    ++...      NoTele   +    (no boots)
Stlth   ++                       q - amulet of Lussoll {Acrobat Dex+3}
HPRegen 0.30/turn                o - ring "Cahipumo" {rPois rF+}
MPRegen 0.24/turn                t - ring "Tyghu" {Fly rC+ Will+ rCorr Dex-3}

@: lit by a corona, flying, glowing
A: no striking features
}: 1/15 runes: decaying
a: Renounce Religion


You were in the Dungeon.
You worshipped Vehumet.
Vehumet was exalted by your worship.
You visited 1 branch You collected 1150 gold pieces.
You spent 780 gold pieces at shops.

Inventory:

Hand Weapons
 m - a +0 short sword (weapon)
Armour
 a - a +0 robe (worn)
Jewellery
 c - the amulet "Iseitif" {Spirit +Inv}
   (You bought it in a shop in the Dungeon)

   [amulet of guardian spirit]

   It causes incoming damage to be divided between your reserves of health and
   magic.
   +Inv:      It lets you turn invisible.
 n - the amulet of Nofipem {Spirit rElec Str-5 Int+4 Stlth+}
   (You bought it in a shop in the Dungeon)

   [amulet of guardian spirit]

   It causes incoming damage to be divided between your reserves of health and
   magic.
   Str:       It affects your strength (-5).
   Int:       It affects your intelligence (+4).
   rElec:     It insulates you from electricity.
   Stlth:     It makes you more stealthy.
 o - the ring "Cahipumo" (left hand) {rPois rF+}
   (You bought it in a shop in the Dungeon)

   [ring of poison resistance]

   rF:        It protects you from fire.
   rPois:     It protects you from poison.
 p - the ring "Ruiju" {MP+9 Str-5 Int+4 Dex+4}
   (You bought it in a shop in the Dungeon)

   [ring of magical power]

   Str:       It affects your strength (-5).
   Int:       It affects your intelligence (+4).
   Dex:       It affects your dexterity (+4).
   MP:        It affects your magic capacity (+9).
 q - the amulet of Lussoll (around neck) {Acrobat Dex+3}
   (You bought it in a shop in the Dungeon)

   [amulet of the acrobat]

   It increases your evasion while moving and waiting.
   Dex:       It affects your dexterity (+3).
 r - the ring "Naacluff" {Ice Dex+2}
   (You bought it in a shop in the Dungeon)

   [ring of ice]

   It enhances your ice magic.
   Dex:       It affects your dexterity (+2).
   rF:        It makes you vulnerable to fire.
   rC:        It protects you from cold.
 s - the ring "Ywke" {rElec Str-2 Dex+2 Slay+4}
   (You bought it in a shop in the Dungeon)

   [ring of slaying]

   Str:       It affects your strength (-2).
   Dex:       It affects your dexterity (+2).
   Slay:      It affects your accuracy & damage with ranged weapons and melee
   (+4).
   rElec:     It insulates you from electricity.
 t - the ring "Tyghu" (right hand) {Fly rC+ Will+ rCorr Dex-3}
   (You bought it in a shop in the Dungeon)

   [ring of willpower]

   Dex:       It affects your dexterity (-3).
   rC:        It protects you from cold.
   Fly:       It grants you flight.
   rCorr:     It protects you from acid and corrosion.
   Will:      It increases your willpower.
Wands
 i - a wand of light (13)
 j - a wand of roots (5)
Scrolls
 k - 3 scrolls of fog
Potions
 b - 5 potions of magic
 d - a potion of heal wounds
 e - 4 potions of haste
 f - a potion of berserk rage
 h - a potion of resistance
 l - a potion of invisibility {unknown}
 u - 4 potions of curing
Miscellaneous
 v - a phial of floods


   Skills:
 + Level 4.9 Fighting
 + Level 8.3 Dodging
 + Level 7.0 Stealth
 + Level 17.7 Spellcasting
 * Level 11.7 Conjurations
 + Level 2.0 Transmutations
 * Level 9.2 Fire Magic
 + Level 17.9 Earth Magic
 + Level 3.0 Evocations


You had 39 spell levels left.
You knew the following spells:

 Your Spells              Type           Power      Damage    Failure   Level
a - Sandblast             Erth           100%       2d20      0%          1
b - Stone Arrow           Conj/Erth      100%       3d13      0%          3
c - Scorch                Fire           100%       2d10      1%          2

Your spell library contained the following spells:

 Spells                   Type           Power      Damage    Failure   Level
 Fulminant Prism          Conj/Hex       25%        3d14      1%          4
 Passwall                 Tmut/Erth      53%        N/A       1%          2
 Petrify                  Tmut/Erth      64%        N/A       1%          4


Dungeon Overview and Level Annotations

Branches:
Dungeon (1/1)

Altars:
Cheibriados
Dithmenos
Fedhas
Gozag
Kikubaaqudgha
Makhleb
Okawaru
Qazlal
Ru
Sif Muna
Trog
Uskayaw
Vehumet
Wu Jian
Xom
Yredelemnul
Zin
The Shining One
Lugonu

Shops:
D *[??*?*:[((!!!!


Message History

The faun is moderately wounded.
The faun gestures at you while chanting.
You are outlined in light.
Aiming: Stone Arrow (safe; 0% risk of failure)
Press: ? - help, Q - select action, (/) - cycle Shift-Dir - straight line, f/p - faun
Aim: a faun, wielding a +0 sling (moderately wounded, 78% to hit)
The stone arrow hits the faun!
The faun is severely wounded.
The faun shoots a sling bullet.
The sling bullet hits you!
* * * LOW HITPOINT WARNING * * *
Aiming: Stone Arrow (safe; 0% risk of failure)
Press: ? - help, Q - select action, (/) - cycle Shift-Dir - straight line, f/p - faun
Aim: a faun, wielding a +0 sling (severely wounded, 78% to hit)
The stone arrow hits the faun.
The faun is severely wounded.
The faun gestures at you while chanting.
You easily resist.
You feel much better.
Aiming: Stone Arrow (safe; 0% risk of failure)
Press: ? - help, Q - select action, (/) - cycle Shift-Dir - straight line, f/p - faun
Aim: a faun, wielding a +0 sling (severely wounded, 78% to hit)
The stone arrow hits the sea snake!!
The sea snake is heavily wounded.
The sea snake barely misses you.
Aiming: Stone Arrow (safe; 0% risk of failure)
Press: ? - help, Q - select action, (/) - cycle Shift-Dir - straight line, f/p - faun
Aim: a faun, wielding a +0 sling (severely wounded, 78% to hit)
The stone arrow hits the sea snake!
The sea snake is severely wounded.
The sea snake bites you!!
* * * LOW HITPOINT WARNING * * *
Aiming: Stone Arrow (safe; 0% risk of failure)
Press: ? - help, Q - select action, (/) - cycle Shift-Dir - straight line, f/p - faun
Aim: a faun, wielding a +0 sling (severely wounded, 78% to hit)
The stone arrow hits the sea snake!!
You kill the sea snake!
Vehumet accepts your kill.
You feel your power returning.
The faun shoots a sling bullet.
The sling bullet hits you!!
You die...

#_......._#
###.........###
#⌠.[.........⌠#
######.8.........8.##
##._._.÷....###......_
###∩...÷...†8.# #.8.....
##......).c...†###.......
#⌠..........###...###....
#⌠......@...# #.<.# #....
#⌠..........###...###....
##..........)..###.......
###∩.....[..8.# #.8.....
##∩___..))..###......_
######.8.).......8.##
#⌠.....[.....⌠#
###.........###
#_..).....#


You could see a faun.

Vanquished Creatures
  A wizard (D)
  A merfolk avatar (D)
  2 ogre magi (D)
  2 two-headed ogres (D)
  2 sea snakes (D)
  A harpy (D)
  A manticore (D)
  A merfolk siren (D)
  2 rime drakes (D)
  2 komodo dragons (D)
  A merfolk (D)
  Sigmund (D)
  A steam dragon (D)
  An acid dragon (D)
  A hell hound (D)
  A swamp drake (D)
  2 ogres (D)
  4 wolves (D)
  7 scorpions (D)
  2 hounds (D)
  A worm (D)
  A kobold (D)
  A ball python (D)
39 creatures vanquished.

Notes
Turn   | Place    | Note
-------+----------+-------------------------------------------
     0 | D        | rocky1 the Deep Elf Earth Elementalist began the quest for
                  | the Orb.
     0 | D        | Reached XP level 1. HP: 10/10 MP: 6/6
     4 | D        | Found a burning altar of Makhleb.
     5 | D        | Found a corrupted altar of Lugonu.
     5 | D        | Round 1.
     6 | D        | Found a shadowy altar of Dithmenos.
     6 | D        | Found a glowing golden altar of the Shining One.
     7 | D        | Found Waiv's Do-It-Yourself Clinic.
     7 | D        | Found a sacrificial altar of Ru.
     7 | D        | Found an ancient bone altar of Kikubaaqudgha.
     7 | D        | Found Eninwaip's Distillery.
     8 | D        | Found Ipseluq's Bottled Wisdom.
     8 | D        | Found Veskou's Distillery.
    11 | D        | Noticed Sigmund
    16 | D        | Killed Sigmund
    17 | D        | Reached XP level 2. HP: 15/15 MP: 6/11
    17 | D        | Reached XP level 3. HP: 19/19 MP: 7/13
    17 | D        | Reached XP level 4. HP: 24/24 MP: 7/14
    17 | D        | Reached XP level 5. HP: 28/28 MP: 8/16
    17 | D        | Found a hide-covered altar of Uskayaw.
    17 | D        | Found a shimmering blue altar of Sif Muna.
    17 | D        | Found an opulent altar of Gozag.
    17 | D        | Found Emmiqur's Weapon Rack.
    17 | D        | Found Fiapuwio's Premium Goods.
    18 | D        | Found Sopn's Basic Armour.
    18 | D        | Found Jiskao's Miscellaneous Merchandise.
    22 | D        | Found a bloodstained altar of Trog.
    23 | D        | Found a stormy altar of Qazlal.
    28 | D        | Found an ornate altar of the Wu Jian Council.
    28 | D        | Found Hiriasice's Identification Station.
    28 | D        | Found Zamol's Advanced Armour.
    29 | D        | Found Foblusyz's Jewellery.
    30 | D        | Found a shimmering altar of Xom.
    30 | D        | Found an iron altar of Okawaru.
    34 | D        | Found a blossoming altar of Fedhas.
    35 | D        | Found a glowing silver altar of Zin.
    36 | D        | Found a radiant altar of Vehumet.
    37 | D        | Found a snail-covered altar of Cheibriados.
    37 | D        | Found a basalt altar of Yredelemnul.
    37 | D        | Found Zeufar Nezu's Magic Scroll Shop.
    37 | D        | Found Silouqoz's Staff Store.
    38 | D        | Found Ifesiufova's Magic Scroll Shop.
    38 | D        | Found Qiyxu's Must-Have Magic.
    49 | D        | Became a worshipper of Vehumet
    95 | D        | Learned a level 3 spell: Stone Arrow
   104 | D        | Reached * piety under Vehumet
   104 | D        | Offered knowledge of Freeze by Vehumet.
   104 | D        | Arena points: 12 (+12) [x2]
   105 | D        | Reached skill level 5 in Dodging
   105 | D        | Reached skill level 5 in Stealth
   105 | D        | Reached skill level 10 in Earth Magic
   105 | D        | Reached skill level 1 in Evocations
   168 | D        | Round 2.
   173 | D        | Reached XP level 6. HP: 32/32 MP: 9/18
   179 | D        | Reached ** piety under Vehumet
   188 | D        | Arena points: 54 (+42) [x3]
   189 | D        | Reached skill level 10 in Spellcasting
   189 | D        | Reached skill level 1 in Conjurations
   189 | D        | Reached XP level 7. HP: 26/36 MP: 4/22
   236 | D        | Round 3.
   238 | D        | Noticed an ogre mage
   242 | D        | Killed an ogre mage
   242 | D        | Offered knowledge of Scorch by Vehumet.
   242 | D        | Reached *** piety under Vehumet
   243 | D        | Reached XP level 8. HP: 41/41 MP: 1/26
   246 | D        | Learned a level 2 spell: Scorch
   337 | D        | Offered knowledge of Dazzling Flash by Vehumet.
   338 | D        | Reached skill level 1 in Fire Magic
   348 | D        | Noticed a two-headed ogre
   351 | D        | Noticed a two-headed ogre
   355 | D        | Killed a two-headed ogre
   356 | D        | Reached skill level 15 in Earth Magic
   362 | D        | Killed a two-headed ogre
   363 | D        | Reached skill level 5 in Conjurations
   363 | D        | Reached skill level 5 in Fire Magic
   363 | D        | Reached XP level 9. HP: 39/45 MP: 27/29
   364 | D        | Reached **** piety under Vehumet
   364 | D        | Noticed an ogre mage
   375 | D        | Killed an ogre mage
   375 | D        | Arena points: 138 (+84) [x4]
   376 | D        | Reached skill level 15 in Spellcasting
   432 | D        | Round 4.
   459 | D        | Reached ***** piety under Vehumet
   463 | D        | Arena points: 298 (+160) [x5]
   482 | D        | Bought an ancient lead amulet for 45 gold pieces
   482 | D        | Identified the amulet "Iseitif" {Spirit +Inv} (You bought
                  | it in a shop in the Dungeon)
   482 | D        | Bought a vibrating golden amulet for 45 gold pieces
   482 | D        | Identified the amulet of Nofipem {Spirit rElec Str-5 Int+4
                  | Stlth+} (You bought it in a shop in the Dungeon)
   482 | D        | Bought a slimy jade ring for 45 gold pieces
   482 | D        | Identified the ring "Cahipumo" {rPois rF+} (You bought it
                  | in a shop in the Dungeon)
   482 | D        | Bought a smoking bronze ring for 45 gold pieces
   482 | D        | Identified the ring "Ruiju" {MP+9 Str-5 Int+4 Dex+4} (You
                  | bought it in a shop in the Dungeon)
   482 | D        | Bought a glittering sapphire amulet for 45 gold pieces
   482 | D        | Identified the amulet of Lussoll {Acrobat Dex+3} (You
                  | bought it in a shop in the Dungeon)
   482 | D        | Bought a scintillating lead ring for 45 gold pieces
   482 | D        | Identified the ring "Naacluff" {Ice Dex+2} (You bought it
                  | in a shop in the Dungeon)
   488 | D        | Bought a sparkling jade ring for 45 gold pieces
   488 | D        | Identified the ring "Ywke" {rElec Str-2 Dex+2 Slay+4} (You
                  | bought it in a shop in the Dungeon)
   488 | D        | Bought a pitted bronze ring for 45 gold pieces
   488 | D        | Identified the ring "Tyghu" {Fly rC+ Will+ rCorr Dex-3}
                  | (You bought it in a shop in the Dungeon)
   499 | D        | Round 5.
   500 | D        | Noticed a witch
   506 | D        | Noticed a spriggan druid
   510 | D        | Killed a witch
   510 | D        | Offered knowledge of Hailstorm by Vehumet.
   510 | D        | Arena points: 578 (+280) [x7]
   511 | D        | Reached XP level 10. HP: 37/51 MP: 6/32
   513 | D        | Got a decaying rune of Zot
   517 | D        | Reached XP level 11. HP: 47/62 MP: 7/33
   533 | D        | Bought 6 potions of magic for 336 gold pieces
   541 | D        | Bought 4 potions of curing for 84 gold pieces
   713 | D        | Round 6.
   732 | D        | Offered knowledge of Iskenderun's Mystic Blast by Vehumet.
   788 | D        | Reached ****** piety under Vehumet
   801 | D        | Arena points: 962 (+384) [x8]
   861 | D        | Round 7.
   867 | D        | Noticed a harpy
   869 | D        | Killed a harpy
   869 | D        | Offered knowledge of Fulminant Prism by Vehumet.
   870 | D        | Reached skill level 10 in Conjurations
   883 | D        | Noticed a merfolk avatar
   889 | D        | Killed a merfolk avatar
   940 | D        | Noticed a sea snake
   949 | D        | Killed a sea snake
   959 | D        | Noticed a sea snake
   967 | D        | Killed a sea snake
   967 | D        | Shot with a sling bullet by a faun

Illustrated notes

Levels and vault maps discovered:
D:        arena_sprint

Skill      XL: |  1  2  3  4  5  6  7  8  9 10 11 |
---------------+----------------------------------+-----
Dodging        | 4 5 6 7 8 |  8.3
Stealth        | 4 5 6 7 |  7.0
Spellcasting   | 6 7 10 12 14 16 17 | 17.7
Earth Magic    | 9 10 12 14 15 16 17 | 17.9
Evocations     | 1 2 3 |  3.0
Transmutations | 2 |  2.0
Conjurations   | 1 2 5 8 11 | 11.7
Fire Magic     | 5 7 9 |  9.2
Fighting       | 4 |  4.9

Action                     |  1- 3 |  4- 6 |  7- 9 | 10-12 || total
---------------------------+-------+-------+-------+-------++-------
   Cast: Sandblast         |       |    16 |     5 |     8 ||    29
         Stone Arrow       |       |     2 |    41 |    48 ||    91
  Evoke: Wand              |     2 |     1 |       |       ||     3
    Use: Potion            |       |     1 |     5 |     4 ||    10
         Scroll            |       |     1 |     1 |     2 ||     4
 Armour: Robe              |       |     2 |     3 |       ||     5
  Dodge: Dodged            |       |     6 |    23 |    13 ||    42

Table legend: (Time is in decaauts)
 A = Elapsed time spent in this place.
 B = Non-inter-level travel time spent in this place.
 C = Inter-level travel time spent in this place.
 D = Time resting spent in this place.
 E = Time spent auto-exploring this place.
 F = Levels seen in this place.
 G = Mean time per level.
                   A        B        C        D        E       F      G
               +--------+--------+--------+--------+--------+-----+--------+
         Total |    980 |    980 |      0 |    522 |      0 |   1 |  980.0 |
       Dungeon |    980 |    980 |      0 |    522 |      0 |   1 |  980.0 |
               +--------+--------+--------+--------+--------+-----+--------+

Top non-repeatable levels by time:
       D: 980 daAuts
